Map: Winter's Gate LE

Players

Mez

  • Race: Terran Terran
  • League: Master
  • Spawn Location: 5:00

A.I. 1 (Very Easy) - Winner!

  • Race: Terran Terran
  • Spawn Location: 11:00

VOD

Have the link to the VOD?

Description

Time

  • Played on: Aug. 27, 2019, 12:01 p.m.
  • Length: 9:49
Show
View Real Time Build Order
Export as new Build Order

Mez Terran 

Build Orders: Gas First Reaper Expand 

Get SALT Encoding   

  12  0:01  SCV  
  13  0:13  SCV  
  14  0:19  Supply Depot  
  14  0:25  SCV  
  14  0:27  Refinery  
  15  0:40  SCV  
  16  0:46  Barracks  
  16  0:53  SCV  
  17  1:05  SCV  
  18  1:17  SCV  
  19  1:33  Reaper  
  19  1:34  Orbital Command  
  20  1:47  Command Center  
  20  1:57  Factory  
  20  2:00  SCV  
  21  2:07  Barracks Reactor  
  21  2:12  SCV  
  21  2:15  Supply Depot  
  22  2:20  Refinery  
  22  2:24  SCV  
  23  2:37  SCV  
  23  2:42  Factory Tech Lab  
  24  2:44  Marine  
  24  2:45  Marine  
  24  2:49  SCV  
  27  3:00  Orbital Command  
  27  3:02  Marine x2, Cyclone  
  27  3:03  SCV  
  33  3:12  Starport  
  33  3:15  SCV  
  34  3:20  Marine x2  
  36  3:27  SCV x2  
  38  3:35  Cyclone  
  38  3:37  Refinery  
  38  3:39  SCV  
  38  3:41  Supply Depot  
  42  3:43  Marine x2  
  44  3:52  Starport Tech Lab  
  44  3:54  SCV  
  44  3:55  SCV  
  46  4:02  Marine x2  
  48  4:05  Supply Depot  
  48  4:11  SCV x2  
  48  4:12  Raven  
  52  4:22  Marine x2  
  54  4:27  Siege Tank, SCV x2  
  54  4:28  Supply Depot  
  59  4:39  SCV x2  
  59  4:40  Marine  
  62  4:46  Command Center  
  62  4:49  Marine  
  62  4:52  Supply Depot  
  63  4:53  SCV x2  
  63  4:56  Raven  
  67  5:02  Siege Tank  
  70  5:12  Supply Depot  
  70  5:13  Marine x2, SCV x2  
  70  5:14  Supply Depot  
  74  5:25  SCV x2  
  76  5:37  SCV x2  
  76  5:38  Siege Tank  
  76  5:40  Supply Depot  
  83  5:50  Marine, Stimpack, SCV x2, Barracks  
  83  5:51  Barracks  
  83  5:52  Viking x2  
  88  6:00  Orbital Command  
  88  6:02  SCV  
  89  6:10  Supply Depot  
  89  6:11  Siege Tank, Barracks  
  89  6:13  Barracks  
  89  6:18  SCV x2  
  94  6:23  Refinery, Viking  
  94  6:24  Orbital Command, Viking  
  98  6:37  Engineering Bay x2  
  98  6:38  Barracks Reactor x2  
  98  6:41  SCV x2  
  100  6:48  Marine  
  100  6:50  SCV  
  102  6:57  Supply Depot  
  102  7:00  Barracks Reactor x2  
  102  7:02  Siege Tank  
  102  7:04  SCV x3  
  102  7:06  Marine  
  109  7:08  Supply Depot  
  109  7:15  Terran Infantry Armor Level 1, Terran Infantry Weapons Level 1  
  109  7:16  SCV x2  
  109  7:17  Marine x4  
  109  7:21  SCV, Refinery  
  109  7:22  Refinery  
  116  7:23  Supply Depot  
  116  7:28  SCV x2, Viking  
  116  7:29  Viking  
  122  7:30  Marine  
  122  7:37  SCV, Supply Depot  
  124  7:40  SCV  
  124  7:41  SCV  
  126  7:47  Marine x8  
  126  7:48  Marine  
  126  7:49  SCV  
  136  7:51  Combat Shield  
  136  7:53  SCV, Supply Depot  
  137  8:02  Siege Tank  
  137  8:03  Medivac  
  137  8:04  Marine, Medivac  
  145  8:06  SCV x2  
  145  8:10  Supply Depot  
  147  8:14  Armory  
  147  8:16  Marine x5  
  147  8:17  Marine x3  
  155  8:22  Marine  
  155  8:24  Command Center  
  156  8:31  Factory  
  156  8:33  Medivac  
  156  8:34  Siege Tank  
  161  8:54  Marine x9  
  170  9:06  Siege Tank  
  173  9:16  Factory Tech Lab  
  173  9:17  Barracks  
  173  9:19  Barracks  
  173  9:20  Barracks  
  173  9:22  Supply Depot  
  173  9:23  Supply Depot  
  173  9:24  Supply Depot  
Show
View Real Time Build Order
Export as new Build Order

A.I. 1 (Very Easy) Terran - Winner!

Build Orders:  

Get SALT Encoding   

  12  0:00  SCV  
  13  0:13  SCV  
  14  0:18  Supply Depot  
  14  0:37  Refinery  
  14  0:44  Barracks  
  14  1:03  Supply Depot  
  14  1:11  Refinery  
  14  1:29  SCV  
  15  1:33  Marine  
  16  1:41  SCV  
  17  1:53  SCV  
  18  2:05  SCV  
  18  2:06  Marine  
  20  2:17  SCV  
  21  2:29  SCV  
  22  2:38  Marine  
  22  2:41  Orbital Command  
  23  5:50  SCV  
  23  5:51  Marine  
  23  5:52  Supply Depot  
  23  5:55  Factory  
  25  6:13  SCV  
  25  6:17  Supply Depot  
  25  6:25  SCV, Barracks Tech Lab  
  23  6:38  SCV  
  24  6:41  Starport  
  24  6:43  Marine  
  25  6:47  Command Center  
  25  6:50  SCV  
  26  7:02  SCV  
  27  7:18  Marauder, Starport Tech Lab  
  29  7:37  Raven  
  31  7:52  Marine  
  32  8:00  SCV  
  33  8:07  SCV  
  33  8:08  Refinery  
  33  8:12  Refinery  
  34  8:14  SCV  
  35  8:20  Raven  
  35  8:22  SCV  
  35  8:26  Marine  
  39  8:29  SCV  
  40  8:36  SCV  
  41  8:43  SCV  
  42  8:50  SCV  
  43  8:57  SCV  
  44  9:05  SCV  
  45  9:12  SCV  
  46  9:19  SCV  
  47  9:26  SCV  
  48  9:34  SCV  
Tags
 
Add a new tag
Caveats
  • Supply blocks, unpowered buildings, or Contaminate may cause inaccurate times.
  • Supply counts are checked every 10 seconds.